 Dungeon Crawl Stone Soup version 0.18.1-48-g4cf74bf (webtiles) character file.

128 Aelikt the Skirmisher (level 4, 0/40 HPs)
             Began as a Draconian Abyssal Knight on Aug 18, 2016.
             Was a Believer of Lugonu.
             Succumbed to an adder's poison
             ... on level 3 of the Dungeon.
             The game lasted 00:08:04 (2086 turns).

Aelikt the Skirmisher (Draconian Abyssal Knight)    Turns: 2086, Time: 00:08:04

Health: 0/40       AC:  5    Str: 14 (15) XL:     4   Next: 87%
Magic:  5/5        EV: 13    Int: 12 (13) God:    Lugonu [**....]
Gold:   115        SH:  0    Dex: 10 (12) Spells: 0 memorised, 3 levels left

rFire  . . .     SeeInvis .     a - +1 falchion
rCold  . . .     Gourm    .     (armour unavailable)
rNeg   . . .     Faith    .     (no shield)
rPois  .         Spirit   .     (helmet restricted)
rElec  .         Dismiss  .     (no cloak)
rCorr  .         Reflect  .     (no gloves)
SustAt .         Harm     .     (no boots)
MR     .....     Rnd*Rage +     (no amulet)
Stlth  +.........               (no ring)
                                (no ring)

@: lethally poisoned (0 -> -5), not resistant to hostile enchantments, very
unstealthy
A: unfitting armour, agile 1, berserk 1, cold-blooded, MP-powered wands, AC +5
a: Depart the Abyss, Bend Space, Renounce Religion


You were on level 3 of the Dungeon.
You worshipped Lugonu.
Lugonu was pleased with you.
You were not hungry.

You visited 1 branch of the dungeon, and saw 3 of its levels.
You visited the Abyss 1 time.

You collected 115 gold pieces.

Inventory:

Hand Weapons
 a - a +1 falchion (weapon)
 p - a +0 long sword
Jewellery
 d - an uncursed ring of flight {unknown}
Wands
 e - a wand of flame (30/48)
Scrolls
 c - a scroll of enchant weapon {unknown}
 g - 4 scrolls of identify
 h - 4 scrolls of teleportation
 j - a scroll of fear {unknown}
 k - a scroll of noise
 n - 2 scrolls of magic mapping
 o - a scroll of enchant armour {unknown}
Potions
 f - a potion of brilliance
 l - a potion of berserk rage
Comestibles
 m - a beef jerky


   Skills:
 + Level 4.1 Fighting
 + Level 3.1 Long Blades
 + Level 3.4 Dodging
 - Level 0.2 Stealth
 + Level 2.2 Invocations


You had 3 spell levels left.
You didn't know any spells.

Dungeon Overview and Level Annotations

Branches:
Dungeon (3/15)

Altars:
Nemelex Xobeh


Innate Abilities, Weirdness & Mutations

Your plain brown scales are hard (AC +5).
Your body does not fit into most forms of armour.
You are cold-blooded and may be slowed by cold attacks.
You are agile. (Dex +2)
You tend to lose your temper in combat.
You expend magic power (3 MP) to strengthen your wands.


Message History

You feel sick. The adder misses you.
You slash the adder!
You kill the adder!
Lugonu accepts your kill.
* * * LOW HITPOINT WARNING * * *
You feel sick.
There is a lethal amount of poison in your body!
You continue eating.
* * * LOW HITPOINT WARNING * * *
You feel sick.
You continue eating.
* * * LOW HITPOINT WARNING * * *
You feel sick.
You finish eating.
That bread ration really hit the spot!
* * * LOW HITPOINT WARNING * * *
You feel sick.
There is a lethal amount of poison in your body!
* * * LOW HITPOINT WARNING * * *
You feel sick.
You die...

#.....#.(##.#.#
#.....##(##.#
#.....##..#.#
#.....#...#.#
#.....#...#.#
#.....#.....# #
#.....#.....#.#
#####.....####..#.#
#....@..........#.#
#.###.#######.....####
#.###.# #....>......
#.....# #.###.######
###############
#...........
#..).†.....#
#####)######
#.########.# #.#
#.#......#.# #.#
#.#.####.#.# #.#


There were no monsters in sight!

Vanquished Creatures
  Robin (D:2)
  3 adders
  2 oozes (D:2)
  6 worms
  2 dart slugs (D:1)
  2 giant geckos
  6 bats
  5 giant cockroaches
  10 goblins
  9 hobgoblins
  A quokka (D:2)
  2 giant newts
  3 kobolds
  6 rats
58 creatures vanquished.

Notes
Turn   | Place    | Note
--------------------------------------------------------------
     0 | Abyss:1  | Aelikt the Draconian Abyssal Knight began the quest for the Orb.
     0 | Abyss:1  | Reached XP level 1. HP: 19/19 MP: 2/2
     6 | D:1      | Escaped the Abyss
   104 | D:1      | Reached XP level 2. HP: 21/26 MP: 3/3
   110 | D:1      | Reached * piety under Lugonu
   620 | D:2      | Reached XP level 3. HP: 30/33 MP: 4/4
  1147 | D:2      | Found a sparkling altar of Nemelex Xobeh.
  1215 | D:2      | Reached XP level 4. HP: 40/40 MP: 5/5
  1261 | D:2      | Reached ** piety under Lugonu
  1289 | D:2      | Gained mutation: You are agile. (Dex +2) [potion of mutation]
  1289 | D:2      | Gained mutation: You tend to lose your temper in combat. [potion of mutation]
  1289 | D:2      | Gained mutation: You expend magic power (3 MP) to strengthen your wands. [potion of mutation]
  1511 | D:3      | Noticed Robin
  1514 | D:3      | Reached skill level 4 in Fighting
  1776 | D:2      | Killed Robin
  2083 | D:3      | HP: 2/40 [poisoned by an adder]
  2086 | D:3      | Succumbed to an adder's poison

Skill      XL: |  1  2  3  4 |
---------------+-------------+-----
Dodging        | 3 |  3.4
Fighting       | 4 |  4.1
Long Blades    | 3 |  3.1
Stealth        | |  0.2
Invocations    | |  2.2

Action                   |  1- 3 |  4- 6 || total
-------------------------+-------+-------++-------
Melee: Falchion          |   133 |    83 ||   216
       Tailslap          |    12 |     5 ||    17
Invok: Depart the Abyss  |     1 |       ||     1
  Use: Potion            |       |     8 ||     8
       Scroll            |       |     5 ||     5
  Eat: Chunk             |     1 |       ||     1
       Bread ration      |       |     2 ||     2
Armor: Skin              |    49 |    18 ||    67
Dodge: Dodged            |    99 |    51 ||   150
